 Dungeon Crawl Stone Soup version bcrawl-1.28.1b (webtiles) character file.

Game seed: 8352284993546306039

290549 LostNumber the Cleaver (level 9, 0/81 HPs)
             Began as a Minotaur Fighter on Dec 7, 2020.
             Slain by an orc warrior
             ... wielding a +0 war axe
              (8 damage)
             ... in a bailey.
             The game lasted 00:07:26 (6237 turns).

LostNumber the Cleaver (Minotaur Fighter)           Turns: 6237, Time: 00:07:27

Health: 0/81       AC: 14    Str: 24    XL:     9   Next: 41%
Magic:  8/8        EV:  5    Int:  5    God:
Gold:   403        SH: 11    Dex: 10    Spells: 8/8 levels left

rFire    . . .     SeeInvis .   a - +0 war axe
rCold    + . .     Gourm    .   t - +0 medium shield
rNeg     + . .     Faith    .   i - +0 shadow dragon scales
rPois    .         Spirit   .   (helmet restricted)
rElec    .         Reflect  .   (no cloak)
rCorr    .         Harm     .   (no gloves)
MR       .....                  (no boots)
Stlth    ++........             (no amulet)
HPRegen  0.23/turn              o - ring of protection from cold
MPRegen  0.11/turn              y - ring of positive energy

@: no status effects
A: retaliatory headbutt, horns 2
a: no special abilities


You were in a bailey.
You were hungry.

You visited 1 branch of the dungeon, and saw 7 of its levels.
You also visited: Sewer and Bailey.

You collected 403 gold pieces.

Inventory:

Hand Weapons
 a - a +0 war axe (weapon)
 v - a +4 dire flail of protection
   (You took it off Edmund on level 4 of the Dungeon)
 D - a +2 falchion of flaming
   (You took it off a kobold on level 6 of the Dungeon)
Armour
 b - a +0 scale mail
 i - +0 shadow dragon scales (worn)
   (You found it on level 1 of the Dungeon)
 t - a +0 medium shield (worn)
 E - a +0 pair of boots
   (You found it on level 6 of the Dungeon)
Jewellery
 l - an uncursed ring of resist corrosion
   (You found it on level 2 of the Dungeon)
 o - a ring of protection from cold (left hand)
   (You found it on level 1 of the Dungeon)
 y - a ring of positive energy (right hand)
   (You found it on level 6 of the Dungeon)
Wands
 c - a wand of disintegration (16)
   (You found it on level 4 of the Dungeon)
Scrolls
 d - a scroll of enchant armour {unknown}
 g - 3 scrolls of remove curse {@r2}
 h - 5 scrolls of teleportation {@r4}
 m - a scroll of fear
 q - 2 scrolls of immolation {!r}
 s - a scroll of fog
 u - a scroll of amnesia {unknown}
 w - a scroll of identify {@r1}
 B - a scroll of blinking {unknown}
 C - a scroll of enchant weapon {unknown}
Potions
 f - a potion of magic
 k - 2 potions of heal wounds {unknown}
 n - 3 potions of flight
 p - a potion of brilliance
 r - a potion of agility
 x - 2 potions of might
 z - 2 potions of degeneration {unknown}
Comestibles
 e - 8 rations {!d!d}
 j - 6 chunks of flesh


   Skills:
 + Level 7.8 Fighting
 * Level 10.1 Axes
 + Level 7.8 Armour
 + Level 7.8 Shields


You had 8 spell levels left.
You didn't know any spells.
Your spell library was empty.

Dungeon Overview and Level Annotations

Branches:
Dungeon (7/12)             Temple (0/1) D:7
   Lair: D:7-9

Altars:
Ashenzari
Zin

Annotations:
D:3 1 runed translucent door, cunnyseurTrue's ghost, amateur DDRg
D:6 2 transporters, Quickbrownfox's ghost, novice DsAc


Innate Abilities, Weirdness & Mutations

You reflexively headbutt those who attack you in melee.
You have a pair of horns on your head.


Message History

You slash the orc warrior! You block the orc warrior's attack.
The hobgoblin hits you but does no damage.
You slash the hobgoblin!
You kill the hobgoblin!
Your shield and shadow dragon scales prevent you from hitting the orc warrior.
You barely miss the gnoll. The gnoll hits you but does no damage.
You block the orc warrior's attack.
You completely miss the orc warrior.
You headbutt the orc warrior, but do no damage.
You slash the gnoll! You hit the gnoll. The gnoll hits you but does no damage.
You block the gnoll's attack.
The orc warrior hits you with a +0 war axe!
You are feeling hungry.
You hit the gnoll. x2; You closely miss the orc warrior.
The gnoll hits you but does no damage. The gnoll hits you with a +0 hand axe.
The orc warrior barely misses you.
Your shield and shadow dragon scales prevent you from hitting the gnoll.
You headbutt the gnoll.
You kill the gnoll!
You hit the orc warrior but do no damage.
You barely miss the gnoll. You block the gnoll's attack.
The orc warrior hits you with a +0 war axe!
You closely miss the orc warrior. You hit the gnoll.
The gnoll hits you with a +0 hand axe.
The orc warrior hits you with a +0 war axe.
You closely miss the gnoll. You completely miss the orc warrior.
The gnoll barely misses you.
You slash the gnoll!
You kill the gnoll!
Your shield prevents you from hitting the orc warrior.
The orc warrior hits you with a +0 war axe!!
* * * LOW HITPOINT WARNING * * *
The goblin shouts!
You completely miss the orc warrior. Your headbutt misses the orc warrior.
You hear a shout!
You block the orc warrior's attack.
You hit the orc warrior. You hit the goblin.
The goblin hits you but does no damage.
The orc warrior hits you with a +0 war axe!
* * * LOW HITPOINT WARNING * * *
You closely miss the orc warrior. You slash the goblin!
You kill the goblin!
The orc warrior hits you but does no damage.
You slash the orc warrior!
The orc warrior hits you with a +0 war axe!
* * * LOW HITPOINT WARNING * * *
Your shield and shadow dragon scales prevent you from hitting the orc warrior.
You closely miss the orc. You block the orc's attack.
The orc warrior hits you with a +0 war axe!
You die...

##.........##.......♣♣
#...........#........♣
#...........).......♣♣
#.....⌠.....)..∩.∩..♣♣
#...........)........♣
#...........#.......♣♣ #
#.........##.......♣
###.###.oo).###♣.♣.....♣
#...o.#'#@### ♣♣♣...♣♣♣
.g......### ♣♣♣♣♣
.........# .........#
...⌠...g.# .......o.#
.g...g...# ........##
#.....###


You could see an orc warrior and an orc.

Vanquished Creatures
  A yak (D:5)
  A water moccasin (D:5)
  Edmund (D:4)
  3 sky beasts (D:4)
  2 phantoms
  An eye of draining (D:4)
  4 ogres
  A big kobold (D:6)
  3 bullfrogs (D:6)
  A gnoll sergeant (D:4)
  5 scorpions
  5 crimson imps
  A bullfrog zombie (D:5)
  2 hounds (D:5)
  8 orc wizards
  3 iguanas
  5 worker ants
  2 hound skeletons
  A worker ant zombie (D:4)
  2 gnolls (Bailey)
  4 adders
  A river rat (D:3)
  A shadow imp (D:6)
  6 worms
  4 dart slugs
  4 leopard geckos
  16 orcs
  2 ball pythons
  7 giant cockroaches
  11 goblins
  6 hobgoblins
  11 jackals
  12 kobolds
  A quokka (D:5)
  10 bats
  4 frilled lizards
  A quokka zombie (D:5)
  3 rats
156 creatures vanquished.

Notes
Turn   | Place    | Note
-------+----------+-------------------------------------------
     0 | D:1      | LostNumber the Minotaur Fighter began the quest for the
                  | Orb.
     0 | D:1      | Reached XP level 1. HP: 19/19 MP: 0/0
   162 | D:1      | Reached XP level 2. HP: 27/27 MP: 1/1
   247 | D:1      | Reached skill level 3 in Axes
   961 | D:2      | Reached XP level 3. HP: 33/33 MP: 2/2
  1712 | D:2      | Reached XP level 4. HP: 40/40 MP: 3/3
  1837 | D:3      | Found a runed translucent door.
  1837 | D:3      | Noticed cunnyseurTrue's ghost (amateur DDRg)
  1842 | D:3      | Found a glowing drain.
  1865 | Sewer    | Entered a sewer
  1871 | Sewer    | Reached skill level 4 in Axes
  2686 | D:3      | Noticed an ogre
  2883 | D:4      | Noticed a sky beast
  2887 | D:4      | Noticed a sky beast
  2923 | D:4      | Killed a sky beast
  2924 | D:4      | Reached XP level 5. HP: 18/47 MP: 4/4
  3091 | D:4      | Reached skill level 5 in Axes
  3180 | D:4      | Noticed an ogre
  3263 | D:4      | Reached XP level 6. HP: 54/55 MP: 5/5
  3266 | D:4      | Reached skill level 5 in Fighting
  3275 | D:4      | Noticed a sky beast
  3302 | D:4      | Killed a sky beast
  3303 | D:4      | Reached skill level 5 in Armour
  3303 | D:4      | Reached skill level 5 in Shields
  3401 | D:4      | Reached skill level 6 in Axes
  3403 | D:4      | Reached XP level 7. HP: 60/61 MP: 6/6
  3729 | D:4      | Reached skill level 7 in Axes
  3834 | D:4      | Reached XP level 8. HP: 66/70 MP: 7/7
  3844 | D:4      | Found a glowing silver altar of Zin.
  3928 | D:4      | Noticed Edmund
  3935 | D:4      | Killed Edmund
  4322 | D:4      | Reached skill level 8 in Axes
  4346 | D:5      | Entered Level 5 of the Dungeon
  4682 | D:5      | Reached skill level 9 in Axes
  4879 | D:5      | Reached XP level 9. HP: 77/79 MP: 8/8
  5722 | D:6      | Reached skill level 10 in Axes
  5792 | D:6      | Found a transporter.
  5808 | D:6      | Noticed Quickbrownfox's ghost (novice DsAc)
  5809 | D:6      | Found a transporter.
  6131 | D:7      | Found a shattered altar of Ashenzari.
  6147 | D:7      | Found a flagged portal.
  6155 | Bailey   | Entered a bailey
  6237 | Bailey   | Slain by an orc warrior

Skill      XL: |  1  2  3  4  5  6  7  8  9 |
---------------+----------------------------+-----
Axes           | 3 4 5 6 7 9 10 | 10.1
Fighting       | 4 5 6 7 |  7.8
Armour         | 4 5 6 7 |  7.8
Shields        | 4 5 6 7 |  7.8

Action                   |  1- 3 |  4- 6 |  7- 9 || total
-------------------------+-------+-------+-------++-------
Melee: War axe           |   114 |   123 |   245 ||   482
       Headbutt          |    10 |    15 |    51 ||    76
  Use: Potion            |       |     1 |       ||     1
       Scroll            |       |       |     9 ||     9
 Stab: Sleeping          |     4 |     2 |     5 ||    11
  Eat: Chunk             |     7 |    10 |    16 ||    33
Armor: Scale mail        |     9 |       |       ||     9
       Shadow dragon sca |    56 |    92 |    84 ||   232
Dodge: Dodged            |    15 |    15 |    34 ||    64
Block: Medium shield     |    66 |    56 |   107 ||   229
